 Dungeon Crawl Stone Soup version 0.28.0-47-ge53b351184 (webtiles) character file.

Game seed: 9739723759149777779

4046 RatsInWalls the Summoner (level 10, -1/60 HPs)
             Began as a Tengu Summoner on May 10, 2022.
             Was a Believer of Sif Muna.
             Slain by an orc
             ... wielding a +0 club
              (4 damage)
             ... on level 8 of the Dungeon.
             The game lasted 00:36:27 (11469 turns).

RatsInWalls the Summoner (Tengu Summoner)          Turns: 11469, Time: 00:36:27

Health: -1/60      AC:  2    Str: 11    XL:     10   Next: 24%
Magic:  5/19       EV: 17    Int: 18    God:    Sif Muna [**....]
Gold:   453        SH:  6    Dex: 14    Spells: 10/20 levels left

rFire   . . .      SeeInvis .   u - +5 dagger
rCold   . . .      Faith    +   d - +1 buckler
rNeg    . . .      Spirit   .   a - +0 robe
rPois   .          Reflect  .   (helmet restricted)
rElec   .          Harm     .   (no cloak)
rCorr   +          Rampage  .   (no gloves)
Will    .....                   (boots unavailable)
Stlth   ++........              c - amulet of faith
HPRegen 0.20/turn               p - ring of resist corrosion
MPRegen 0.16/turn               (no ring)

@: weak-willed, flying quickly and evasively, hasted, very quick
A: beak, talons 3, nimble flight
a: Renounce Religion, Channel Magic


You were on level 8 of the Dungeon.
You worshipped Sif Muna.
Sif Muna was pleased with you.
You visited 1 branch of the dungeon, and saw 8 of its levels.
You also visited: Ossuary.

You collected 453 gold pieces.

Inventory:

Hand Weapons
 s - a +3 long sword
 u - a +5 dagger (weapon)
Armour
 a - a +0 robe (worn)
 d - a +1 buckler (worn)
Jewellery
 c - an amulet of faith (around neck)
 p - a ring of resist corrosion (left hand)
Wands
 q - a wand of iceblast (7)
 w - a wand of flame (18)
 x - a wand of mindburst (16)
Scrolls
 f - a scroll of enchant weapon
 r - 2 scrolls of vulnerability
 y - a scroll of identify
Potions
 b - 4 potions of curing
 g - 3 potions of ambrosia {unknown}
 j - a potion of experience {unknown}
 k - a potion of haste
 l - 2 potions of mutation {unknown}
 m - 2 potions of brilliance
 n - a potion of attraction {unknown}
 o - 4 potions of might {unknown}
 t - 2 potions of cancellation {unknown}
 v - a potion of lignification {unknown}


   Skills:
 + Level 5.8 Fighting
 + Level 6.9 Dodging
 - Level 2.0 Stealth
 + Level 4.5 Shields
 * Level 5.9 Spellcasting
 + Level 10.4 Summonings
 + Level 5.5 Air Magic


You had 10 spell levels left.
You knew the following spells:

 Your Spells              Type           Power      Damage    Failure   Level
a - Summon Small Mammal   Summ           100%       N/A       1%          1
b - Call Imp              Summ           42%        N/A       1%          2
c - Call Canine Familiar  Summ           42%        N/A       1%          3
d - Summon Lightning Spi  Summ/Air       34%        N/A       6%          4

Your spell library contained the following spells:

 Spells                   Type           Power      Damage    Failure   Level
 Summon Guardian Golem    Hex/Summ       24%        N/A       5%          3
 Static Discharge         Conj/Air       15%        N/A       8%          2
 Inner Flame              Hex/Fire       5%         N/A       43%         3
 Lightning Bolt           Conj/Air       7%         1d20      80%         5
 Cause Fear               Hex            2%         N/A       83%         4
 Hailstorm                Conj/Ice       5%         3d4       83%         4
 Ice Form                 Ice/Tmut       5%         N/A       83%         4
 Simulacrum               Ice/Necr       2%         N/A       100%        6
 Discord                  Hex            2%         N/A       100%        8
 Maxwell's Capacitive Co  Air            12%        ∞         100%        8


Dungeon Overview and Level Annotations

Branches:
Dungeon (8/15)             Temple (0/1) D:7         Ossuary (visited)
   Lair: D:8-11

Altars:
Fedhas
Makhleb
Sif Muna
Vehumet
Wu Jian
Yredelemnul
The Shining One

Annotations:
D:8 Grum


Innate Abilities, Weirdness & Mutations

You have a beak for a mouth.
You have claws for feet.
Your magical nature lets you fly swiftly and evasively.


Message History

The orc closely misses your crimson imp.
You hit the orc but do no damage.
The wolf bites your crimson imp but does no damage.
The bullfrog closely misses you.
Your crimson imp hits the wolf but does no damage.
The wolf bites your crimson imp! The bullfrog hits you.
The orc hits your crimson imp with a +0 hand axe.
Your crimson imp dies!
Your crimson imp disappears in a puff of smoke!
The orc completely misses you.
Okay, then.
It was a potion of curing.
You feel better. The bullfrog hits you. The wolf completely misses you.
The orc closely misses you. The bullfrog barely misses you.
It was a potion of haste.
You feel yourself speed up. The wolf bites you. Grum barely misses you.
The bullfrog completely misses you. You block the wolf's attack.
The orc misses you.
Casting: Call Imp (safe; 1% risk of failure)
Confirm with . or Enter, or press ? or * to list all spells.
A beastly little devil appears in a puff of frigid air.
The bullfrog closely misses you. Grum misses you. The wolf bites you!
You feel much better. The orc hits you with a +0 club.
You block the wolf's attack.
The bullfrog releases a deep croak.
The bullfrog hits you.
Grum hits you from afar with a +1 glaive of distortion!!
Ouch! That really hurt!
* * * LOW HITPOINT WARNING * * *
Space warps around you.
* * * LOW HITPOINT WARNING * * *
You feel better.
The jelly hits your white imp but does no damage.
The wolf bites you!
* * * LOW HITPOINT WARNING * * *
Your white imp hits the jelly.
Your white imp freezes the jelly.
Your white imp is burned by acid!
The bullfrog hits you.
* * * LOW HITPOINT WARNING * * *
The orc hits you with a +0 club.
You die...

##.# ...### ..... #..#
#..# ##### .#.# #...#
#..#########..o#
#..........#.hO########.
....§[.....oohgh@FF.....
...........######o5>....
.......##### .J.)...
.......###### .......
....o.....<.# ...>...
.......####.# .......
####'#...# .......
#o#.#.# ######. #.#...#


You could see a two-headed ogre (weak-willed), Grum (weak-willed), an orc
warrior (weak-willed), 3 wolves, 2 bullfrogs, a jelly (ally target), 2 orcs and
a friendly white imp (summoned).

Vanquished Creatures
  A water moccasin (D:7)
  A water moccasin skeleton (D:7)
  A wight (D:6)
  A vampire bat (D:4)
  A bullfrog zombie (D:6)
  A hound (D:7)
  An adder (D:6)
  A dart slug (D:2)
  2 orcs
  An endoplasm (D:1)
  2 giant cockroaches
  3 kobolds (D:7)
  3 quokkas
  2 bats
  A frilled lizard (D:1)
  A goblin (D:1)
  A hobgoblin zombie (Ossuary)
  A kobold zombie (Ossuary)
  An orc zombie (Ossuary)
  A rat (D:1)
27 creatures vanquished.

Vanquished Creatures (collateral kills)
  6 slime creatures (D:7)
  A steam dragon (D:8)
  2 orc warriors
  2 black bears
  An ice beast (D:6)
  A sky beast (D:7)
  3 ogres
  5 necrophages (D:6)
  2 phantoms
  A kobold brigand (D:7)
  A bullfrog (D:7)
  A scorpion (D:4)
  2 water moccasin zombies (Ossuary)
  6 wights
  A howler monkey (D:7)
  A bullfrog zombie (D:6)
  2 orc priests
  2 hounds
  2 centaur skeletons
  An orc wizard (D:3)
  A killer bee zombie (D:7)
  3 mummies
  A gnoll (D:1)
  8 adders
  2 shadow imps
  2 white imps (D:5)
  An ufetubus (D:6)
  3 adder zombies (Ossuary)
  An adder skeleton (D:4)
  A worm (D:3)
  2 dart slugs
  14 orcs
  11 bats
  6 endoplasms
  2 giant cockroaches
  6 gnoll zombies (Ossuary)
  7 goblins
  3 hobgoblins
  12 kobolds
  2 quokkas
  3 ball pythons
  A frilled lizard (D:1)
  A hobgoblin zombie (Ossuary)
  3 kobold zombies (Ossuary)
  7 orc zombies (Ossuary)
  4 rats
150 creatures vanquished.

Vanquished Creatures (others)
  A bush (D:6)
  13 plants (D:6)
14 creatures vanquished.

Grand Total: 191 creatures vanquished

Notes
Turn   | Place    | Note
-------+----------+-------------------------------------------
     0 | D:1      | RatsInWalls the Tengu Summoner began the quest for the Orb.
     0 | D:1      | Reached XP level 1. HP: 10/10 MP: 4/4
   267 | D:1      | Found a faded altar of an unknown god.
   292 | D:1      | Reached skill level 5 in Summonings
   292 | D:1      | Reached XP level 2. HP: 7/16 MP: 3/6
  1247 | D:1      | Reached skill level 1 in Fighting
  1247 | D:1      | Reached XP level 3. HP: 5/20 MP: 4/7
  1758 | D:1      | Learned a level 2 spell: Call Imp
  1762 | D:1      | Learned a level 3 spell: Call Canine Familiar
  2531 | D:2      | Identified the +4 ring mail "Cyneijic" {rCorr Dex+2}
  2690 | D:2      | Reached XP level 4. HP: 25/25 MP: 3/8
  3999 | D:3      | Reached skill level 6 in Summonings
  4000 | D:3      | Gained mutation: Your magical nature lets you fly swiftly
                  | and evasively. [Tengu growth]
  4000 | D:3      | Reached XP level 5. HP: 17/30 MP: 2/9
  4276 | D:3      | Found an ornate altar of the Wu Jian Council.
  4352 | D:3      | Noticed an ogre
  4363 | D:3      | Killed an ogre
  5110 | D:4      | Found a sand-covered staircase.
  5121 | D:4      | Reached XP level 6. HP: 15/35 MP: 7/11
  5143 | Ossuary  | Entered an ossuary
  5633 | Ossuary  | Reached skill level 7 in Summonings
  5757 | D:4      | Reached XP level 7. HP: 40/40 MP: 3/13
  6393 | D:4      | Found a shimmering blue altar of Sif Muna.
  6456 | D:4      | Found a burning altar of Makhleb.
  6459 | D:4      | Found a basalt altar of Yredelemnul.
  6462 | D:4      | Found a radiant altar of Vehumet.
  6596 | D:5      | Entered Level 5 of the Dungeon
  6769 | D:5      | Reached skill level 8 in Summonings
  6940 | D:5      | Reached XP level 8. HP: 21/46 MP: 2/14
  7020 | D:5      | Reached skill level 1 in Shields
  7958 | D:4      | Became a worshipper of Sif Muna the Loreminder
  8453 | D:5      | Learned a level 4 spell: Summon Lightning Spire
  8467 | D:6      | Reached skill level 5 in Dodging
  8467 | D:6      | Reached skill level 1 in Air Magic
  9147 | D:6      | Reached skill level 9 in Summonings
  9455 | D:6      | Found a blossoming altar of Fedhas.
  9541 | D:6      | Reached XP level 9. HP: 52/52 MP: 11/17
  9571 | D:6      | Reached * piety under Sif Muna
  9658 | D:6      | Reached skill level 5 in Spellcasting
  9790 | D:7      | Found a staircase to the Ecumenical Temple.
  9945 | D:7      | Reached skill level 5 in Fighting
 10205 | D:7      | Noticed a large slime creature
 10658 | D:7      | Reached ** piety under Sif Muna
 10732 | D:7      | Reached skill level 10 in Summonings
 10732 | D:7      | Reached skill level 5 in Air Magic
 10732 | D:7      | Reached XP level 10. HP: 59/59 MP: 1/19
 10900 | D:7      | Found a glowing golden altar of the Shining One.
 11444 | D:8      | Noticed Grum
 11445 | D:8      | Noticed a two-headed ogre
 11469 | D:8      | HP: 3/60 [bullfrog (4)]
 11469 | D:8      | Slain by an orc

Illustrated notes

Levels and vault maps discovered:
D:1:      minmay_arrival_cross, layout_basic,
          shapermc_ecumenical_altar_starsandcircs, st_stairs_7
D:2:      layout_basic, mrwooster_statue_mirror, eino_tiny_chamber
D:3:      layout_basic, pdpol_wu_jian_five_deadly_venoms
D:4:      layout_cave_pools, grunt_temple_overflow_diamond,
          nicolae_overflow_hidden_temple, gup_ossuary_entry_pyramid,
          roderic_batcave
D:5:      layout_basic, hangedman_decor_growths
D:6:      layout_rooms, fedhas_altar_decomposition,
          chequers_serial_rivers_micro_e
D:7:      layout_basic, tso_metal_star, minmay_temple_entry_wispy,
          wad_floor_pattern_untrapped
D:8:      layout_basic, kennysheep_okawaru_gauntlet,
          mainiacjoe_overflow_cross_hatched, worldfamousw_hep_ancestral_shrine,
          david_lair_shrubbed, grunt_decor_one_mirror, uniq_psyche, uniq_grum

Skill      XL: |  1  2  3  4  5  6  7  8  9 |
---------------+----------------------------+-----
Summonings     | 5 6 7 8 9 10 | 10.4
Fighting       | 1 2 3 4 5 |  5.8
Dodging        | 3 4 5 6 |  6.9
Spellcasting   | 3 4 5 |  5.9
Shields        | 2 4 |  4.5
Air Magic      | 2 5 |  5.5
Stealth        | |  2.0

Action                   |  1- 3 |  4- 6 |  7- 9 | 10-12 || total
-------------------------+-------+-------+-------+-------++-------
Melee: Unarmed           |    38 |       |       |       ||    38
       Kick              |    10 |     3 |    18 |     1 ||    32
       Peck              |     9 |     4 |    14 |     3 ||    30
       Dagger            |     3 |    22 |    70 |     5 ||   100
       Punch             |       |     1 |     1 |       ||     2
 Cast: Summon Small Mamm |    48 |    55 |    92 |    10 ||   205
       Call Imp          |     8 |    25 |    36 |     7 ||    76
       Call Canine Famil |     2 |    12 |    45 |     6 ||    65
       Summon Lightning  |       |       |    10 |     2 ||    12
  Use: Scroll            |       |     2 |     3 |     3 ||     8
       Potion            |       |       |     1 |     6 ||     7
 Stab: Distracted        |     2 |     1 |     3 |       ||     6
Armor: Robe              |    16 |     8 |     7 |       ||    31
Dodge: Dodged            |    33 |    16 |    71 |    25 ||   145
Block: Buckler           |       |       |       |     5 ||     5
